 Dungeon Crawl Stone Soup version 0.23-a0-667-gc184e93 (console) character file.

415 Voker57 the Slasher (level 6, 0/46 HPs)
             Began as a Demonspawn Gladiator on Jan 8, 2019.
             Slain by a troll zombie (9 damage)
             ... in an ossuary.
             The game lasted 00:04:16 (3056 turns).

Voker57 the Slasher (Demonspawn Gladiator)          Turns: 3056, Time: 00:04:16

Health: 0/46       AC:  3    Str: 20    XL:     6   Next: 60%
Magic:  0/6        EV: 13    Int:  9    God:
Gold:   192        SH:  0    Dex: 16    Spells: 5/5 levels left

rFire    . . .     SeeInvis .   a - +0 long sword
rCold    . . .     Gourm    .   (no shield)
rNeg     . . .     Faith    .   b - +0 leather armour
rPois    .         Spirit   +   (helmet restricted)
rElec    .         Reflect  .   (no cloak)
rCorr    .         Harm     .   (no gloves)
MR       .....                  (no boots)
Stlth    ++........             o - amulet of the acrobat
HPRegen  0.15/turn              (no ring)
MPRegen  0.20/turn              (no ring)

@: mighty
A: horns 2, magic shield, magic regeneration, rot immunity
a: no special abilities


You were in an ossuary.
You were not hungry.

You visited 1 branch of the dungeon, and saw 4 of its levels.
You also visited: Ossuary.

You collected 192 gold pieces.

Inventory:

Hand Weapons
 a - a +0 long sword (weapon)
Missiles
 d - 2 throwing nets (quivered)
Armour
 b - a +0 leather armour (worn)
 c - a +0 helmet
Jewellery
 o - an amulet of the acrobat (around neck)
 q - an uncursed ring of fire
Wands
 k - a wand of flame (16)
Scrolls
 i - 2 scrolls of fear
 j - 3 scrolls of identify
Potions
 e - a potion of cancellation {unknown}
 l - 3 potions of lignification {unknown}
 m - a potion of curing
 n - a potion of ambrosia {unknown}
Comestibles
 f - 6 rations


   Skills:
 + Level 2.9 Fighting
 * Level 5.7 Long Blades
 - Level 1.7 Throwing
 + Level 2.2 Armour
 + Level 3.0 Dodging
 + Level 0.8 Stealth


You had 5 spell levels left.
You didn't know any spells.
Your spell library was empty.

Dungeon Overview and Level Annotations

Branches:
Dungeon (4/15)
 Temple: D:4-7

Altars:
Qazlal
The Shining One


Innate Abilities, Weirdness & Mutations

You have a pair of horns on your head.
When hurt, damage is shared between your health and your magic reserves.
You regenerate magic rapidly.
You are immune to rotting.


Message History

You are too injured to fight recklessly!
You are too injured to fight recklessly!
You barely miss the troll zombie.
The troll zombie is lightly damaged.
The troll zombie bites you. The troll zombie barely misses you.
The troll zombie closely misses you.
There is an open door, spattered with blood here.
You feel very mighty all of a sudden.
You hit the troll zombie.
The troll zombie is moderately damaged.
The troll zombie closely misses you.
You riposte.
You barely miss the troll You headbutt the troll zombie!
The troll zombie is moderately damaged.
The troll zombie claws you but does no damage.
The troll zombie claws you!
* * * LOW HITPOINT WARNING * * *
You slash the troll zombie!
The troll zombie is heavily damaged.
The troll zombie misses you. The troll zombie claws you!
You die...

######################
#∩....................
#...........@Z........
#..###'###'###'###+##
#..#...#...#...#
#..#.###'#####'#
#..#.#....# ..#
#..###....# ...# #..+
#....#....# #..#
#....#....#
###########


You could see a troll zombie.

Vanquished Creatures
  Grinder (D:3)
  Jessica (D:3)
  A worker ant (D:4)
  Robin (D:3)
  5 adders
  2 oozes
  An adder zombie (Ossuary)
  4 worms
  4 dart slugs
  4 leopard geckos
  An orc (D:3)
  2 ball pythons
  3 giant cockroaches
  11 hobgoblins
  3 jackals (D:4)
  2 quokkas (D:2)
  9 bats
  4 frilled lizards
  15 goblins
  2 hobgoblin zombies (Ossuary)
  A jackal skeleton (D:4)
  7 kobolds
  2 quokka zombies (Ossuary)
  5 rats
91 creatures vanquished.

Notes
Turn   | Place    | Note
-------+----------+-------------------------------------------
     0 | D:1      | Voker57 the Demonspawn Gladiator began the quest for the
                  | Orb.
     0 | D:1      | Reached XP level 1. HP: 16/16 MP: 1/1
    59 | D:1      | Reached skill level 3 in Long Blades
    76 | D:1      | Gained mutation: When hurt, damage is shared between your
                  | health and your magic reserves. [demonic ancestry]
    76 | D:1      | Reached XP level 2. HP: 17/22 MP: 2/2
   352 | D:1      | Gained mutation: You regenerate magic rapidly. [demonic
                  | ancestry]
   352 | D:1      | Reached XP level 3. HP: 21/27 MP: 3/3
  1114 | D:2      | Reached skill level 4 in Long Blades
  1114 | D:2      | Gained mutation: You have a pair of small horns on your
                  | head. [demonic ancestry]
  1114 | D:2      | Reached XP level 4. HP: 31/34 MP: 4/4
  1516 | D:3      | Noticed Robin
  1709 | D:3      | Killed Robin
  1709 | D:3      | Reached skill level 1 in Armour
  1794 | D:3      | Found a glowing golden altar of the Shining One.
  1795 | D:3      | Found a stormy altar of Qazlal.
  1823 | D:3      | Noticed Grinder
  1836 | D:3      | Killed Grinder
  1836 | D:3      | Reached skill level 5 in Long Blades
  1836 | D:3      | Gained mutation: You are immune to rotting. [demonic
                  | ancestry]
  1836 | D:3      | Reached XP level 5. HP: 23/39 MP: 3/5
  1836 | D:3      | Gained mutation: You have a pair of horns on your head.
                  | [demonic ancestry]
  1836 | D:3      | Reached XP level 6. HP: 28/46 MP: 3/6
  1878 | D:3      | Noticed Jessica
  1884 | D:3      | Killed Jessica
  2837 | D:4      | Found a sand-covered staircase.
  2841 | Ossuary  | Entered an ossuary
  3056 | Ossuary  | Slain by a troll zombie

Vault maps used:
D:1:      dpeg_arrival_connections, kennysheep_minor_cross,
          kennysheep_nondescript
D:2:      first_ration
D:3:      chequers_temple_overflow_statue_of_worship, uniq_jessica,
          uniq_grinder, uniq_robin
D:4:      enter_ossuary_5, kennysheep_decorative_pillar,
          minmay_stone_trees_small
Ossuary:  ossuary_boxes_badplayer

Skill      XL: |  1  2  3  4 |
---------------+-------------+-----
Long Blades    | 3 4 5 |  5.7
Armour         | 2 |  2.2
Dodging        | 3 |  3.0
Fighting       | |  2.9
Throwing       | |  1.7
Stealth        | |  0.8

Action                   |  1- 3 |  4- 6 || total
-------------------------+-------+-------++-------
Melee: Long sword        |   109 |   108 ||   217
       Headbutt          |       |    31 ||    31
Throw: Throwing net      |       |     3 ||     3
Evoke: Wand              |       |     1 ||     1
  Use: Scroll            |       |     8 ||     8
       Potion            |       |     3 ||     3
 Stab: Sleeping          |     2 |     1 ||     3
  Eat: Chunk             |     1 |     6 ||     7
Armor: Leather armour    |    37 |    17 ||    54
Dodge: Dodged            |    89 |    73 ||   162
       Rpst.: Long sword |    31 |    26 ||    57

Table legend:
 A = Non-vault XP
 B = Vault XP
 C = Vault XP percentage of total XP
 D = Non-vault monster count
 E = Vault monster count
 F = Vault count percentage of total count
                 A         B        C        D         E       F
            +---------+---------+-------+---------+---------+-------
      Total |     248 |     345 |  58.2 |      72 |      19 |  20.9
            +---------+---------+-------+---------+---------+-------
        D:1 |      44 |       0 |   0.0 |      23 |       0 |   0.0
        D:2 |      62 |       4 |   6.1 |      25 |       2 |   7.4
        D:3 |      73 |     331 |  81.9 |      14 |      12 |  46.2
        D:4 |      69 |       0 |   0.0 |      10 |       0 |   0.0
    Ossuary |       0 |      10 | 100.0 |       0 |       5 | 100.0
            +---------+---------+-------+---------+---------+-------
